 Dungeon Crawl Stone Soup version 0.30-a0-1104-g706747fef1 (webtiles) character file.

Game seed: 16127036817313484828

19677 CryoSword the Basher (level 12, -5/141 HPs)
             Began as a Purple Draconian Conjurer on Apr 19, 2023.
             Was a Priest of Sif Muna.
             Slain by a large abomination (18 damage)
             ... in a Gauntlet.
             The game lasted 00:36:29 (17282 turns).

CryoSword the Basher (Purple Draconian Conjurer)   Turns: 17282, Time: 00:36:30

Health: -5/141     AC: 30    Str: 11    XL:     12   Next: 38%
Magic:  22/22      EV:  2    Int: 19    God:    Sif Muna [***...]
Gold:   216        SH:  0    Dex: 13    Spells: 10/24 levels left

rFire   . . .      SeeInvis .    w - +6 shillelagh "Devastator" {shatter}
rCold   . . .      Faith    .    (no shield)
rNeg    . . .      Spirit   .    (body armour unavailable)
rPois   +          Reflect  .    (helmet currently unavailable)
rElec   .          Rampage  .    (cloak currently unavailable)
rCorr   .          NoTele   +    s - melded +0 pair of gloves {Stlth+}
Will    +....                    I - melded +2 pair of boots
Stlth   +++                      J - amulet of magic regeneration
HPRegen 0.43/turn                k - +5 ring of evasion
MPRegen 0.58/turn                v - +4 ring of protection

@: tree-form, hasted, studying Staves, very quick
A: stationary, stasis, torment immunity, boosted hp, (breathe power), AC +8,
unfitting armour, (cold-blooded)
a: Renounce Religion, Channel Magic, Forget Spell


You were in a Gauntlet.
You worshipped Sif Muna.
Sif Muna was most pleased with you.
You were a tree.
You visited 2 branches of the dungeon, and saw 13 of its levels.
You also visited: Gauntlet.

You collected 722 gold pieces.
You spent 506 gold pieces at shops.

Inventory:

Hand Weapons
 w - the +6 shillelagh "Devastator" (weapon) {shatter}
   (You found it on level 10 of the Dungeon)
Missiles
 u - 34 poisoned darts
 G - 3 curare-tipped darts
Armour
 s - a +0 pair of gloves of stealth (melded)
   (You found it on level 6 of the Dungeon)
 I - a +2 pair of boots (melded)
   (You found it on level 9 of the Dungeon)
Jewellery
 k - a +5 ring of evasion (left branch)
   (You found it on level 2 of the Dungeon)
 v - a +4 ring of protection (right branch)
   (You took it off a kobold on level 4 of the Dungeon)
 z - a ring of see invisible
   (You found it on level 5 of the Dungeon)
 F - a ring of resist corrosion
   (You found it on level 8 of the Dungeon)
 J - an amulet of magic regeneration (around neck)
   (You bought it in a shop on level 3 of the Dungeon)
Wands
 p - a wand of flame (54)
   (You took it off Blork the orc on level 4 of the Dungeon)
 q - a wand of iceblast (9)
   (You found it on level 4 of the Dungeon)
 y - a wand of acid (8) (quivered)
   (You found it on level 4 of the Dungeon)
 E - a wand of digging (6)
   (You found it on level 8 of the Dungeon)
Scrolls
 b - 2 scrolls of magic mapping
 d - a scroll of fear
 f - 2 scrolls of butterflies {unknown}
 h - 5 scrolls of teleportation {@r4}
 i - a scroll of silence {unknown}
 o - 3 scrolls of amnesia {unknown}
 r - 2 scrolls of immolation {unknown}
 A - a scroll of brand weapon
 C - 2 scrolls of blinking {unknown}
 K - 2 scrolls of identify {@r1}
 M - a scroll of torment {unknown}
Potions
 a - 2 potions of magic
 c - a potion of attraction {unknown}
 e - 3 potions of flight
 g - 5 potions of lignification {!q}
 j - a potion of cancellation {unknown}
 l - 3 potions of haste {@q3}
 m - 4 potions of curing {@q1}
 t - a potion of invisibility {unknown}
 B - 2 potions of experience {unknown}
 D - a potion of brilliance
 H - a potion of mutation {unknown}
 L - 2 potions of might {unknown}


   Skills:
 + Level 5.0 Fighting
 - Level 9.8 Long Blades
 * Level 10.5 Maces & Flails
 - Level 4.8 Dodging
 - Level 5.2 Stealth
 - Level 6.6 Spellcasting
 - Level 8.1 Conjurations
 - Level 6.1 Hexes
 - Level 3.2 Translocations
 + Level 4.6 Invocations
 - Level 3.0 Evocations


You had 10 spell levels left.
You knew the following spells:

 Your Spells              Type           Power      Damage    Failure   Level
a - Magic Dart            Conj           100%       1d8       1%          1
b - Searing Ray           Conj           74%        2d7       1%          2
c - Dazzling Flash        Conj/Hex       66%        N/A       1%          3
d - Fulminant Prism       Conj/Hex       16%        3d11      5%          4
e - Iskenderun's Mystic   Conj/Tloc      27%        2d7       10%         4

Your spell library contained the following spells:

 Spells                   Type           Power      Damage    Failure   Level
 Apportation              Tloc           36%        N/A       2%          1
 Lesser Beckoning         Tloc           36%        N/A       4%          2
 Gell's Gravitas          Tloc           18%        N/A       9%          3
 Teleport Other           Tloc           18%        N/A       9%          3
 Necrotise                Necr           24%        1d5       11%         1
 Summon Small Mammal      Summ           24%        N/A       11%         1
 Mephitic Cloud           Conj/Pois/Air  16%        N/A       11%         3
 Poisonous Vapours        Pois/Air       12%        N/A       16%         2
 Ozocubu's Armour         Ice            6%         N/A       30%         3
 Metabolic Englaciation   Hex/Ice        9%         N/A       63%         5
 Silence                  Hex/Air        9%         N/A       63%         5
 Freezing Cloud           Conj/Ice/Air   8%         6-21      67%         5
 Olgreb's Toxic Radiance  Pois           6%         N/A       71%         4
 Agony                    Necr           6%         N/A       96%         5
 Simulacrum               Ice/Necr       3%         N/A       100%        6
 Discord                  Hex            14%        N/A       100%        8
 Ignition                 Fire           3%         3d4       100%        8


Dungeon Overview and Level Annotations

Branches:
Dungeon (12/15)            Temple (1/1) D:7            Lair (0/5) D:8
    Orc (0/2) D:12        Gauntlet (1/1)

Altars:
Ashenzari
Cheibriados
Dithmenos
Elyvilon
Fedhas
Hepliaklqana
Kikubaaqudgha
Makhleb
Nemelex Xobeh
Qazlal
Ru
Sif Muna
Trog
Uskayaw
Xom
Zin

Shops:
D:3 *?=   D:5 !   D:9 :

Annotations:
D:6 exclusion: upstairs
D:7 4 runed translucent doors Gauntlet 11 transporters, 3 runed translucent doors


Innate Abilities, Weirdness & Mutations

You are a tree.
Your roots penetrate the ground, keeping you stationary.
You cannot be teleported.
You are immune to unholy pain and torment.
Your maximum health is greatly increased.
Your equipment is partially melded.
((You can breathe bolts of dispelling energy.))
((Your rich purple scales are hard. (AC +8)))
You cannot fit into any form of body armour.
((You are cold-blooded and may be slowed by cold attacks.))


Message History

The mystic blast hits the small abomination!
The small abomination is knocked back by the mystic blast.
The small abomination slams into the translucent stone wall!
The mystic blast hits the large abomination but does no damage.
The small abomination hits you.
* * * LOW HITPOINT WARNING * * *
The large abomination hits you!!
* * * LOW HITPOINT WARNING * * *
You feel much better.
The small abomination hits you but does no damage.
The large abomination hits you but does no damage.
You feel yourself speed up.
The small abomination barely misses you.
The large abomination hits you but does no damage.
You erupt in a blast of force!
The mystic blast hits the small abomination.
The small abomination is knocked back by the mystic blast.
The small abomination collides with the small abomination!
The mystic blast hits the small abomination.
The mystic blast hits the large abomination.
The large abomination is knocked back by the mystic blast.
The large abomination collides with the small abomination!
The small abomination hits you!
* * * LOW HITPOINT WARNING * * *
You erupt in a blast of force!
The mystic blast hits the small abomination. x2
You destroy the small abomination!
Sif Muna accepts your kill.
The mystic blast hits the large abomination but does no damage.
The large abomination hits you but does no damage.
Unknown command.
You hit the large abomination.
The large abomination and the small abomination shudder.
You hit the large abomination.
The large abomination and the small abomination shudder.
You destroy the small abomination!
Sif Muna accepts your kill. The large abomination hits you!!
* * * LOW HITPOINT WARNING * * *
The large abomination hits you.
* * * LOW HITPOINT WARNING * * *
You feel much better.
You feel much better. The large abomination hits you! x2
* * * LOW HITPOINT WARNING * * *
You hit the large abomination but do no damage.
The large abomination hits you!!
* * * LOW HITPOINT WARNING * * *
You feel much better.
The large abomination hits you but does no damage.
You feel much better.
The white imp sputters.
The wizard shouts, "You are history!"
The large abomination hits you! x2
* * * LOW HITPOINT WARNING * * *
Okay, then.
You hit the large abomination but do no damage.
The large abomination hits you but does no damage.
You hit the large abomination.
The large abomination and the small abomination shudder.
The large abomination hits you but does no damage.
You barely miss the large abomination. The large abomination hits you.
* * * LOW HITPOINT WARNING * * *
The large abomination hits you!
* * * LOW HITPOINT WARNING * * *
You hit the large abomination.
The large abomination and the small abomination shudder.
You hit the large abomination.
The large abomination and the small abomination shudder.
You destroy the small abomination!
Sif Muna accepts your kill.
The large abomination hits you but does no damage.
The wizard becomes larger for a moment.
The large abomination hits you!
* * * LOW HITPOINT WARNING * * *
You hit the large abomination.
The small abomination shudders.
You destroy the large abomination!
Sif Muna accepts your kill.
Your Fighting skill increases to level 5!
You closely miss the large abomination. The large abomination hits you!
* * * LOW HITPOINT WARNING * * *
Okay, then.
You barely miss the large abomination.
You are confused.
You feel invigorated. The small abomination hits you.
* * * LOW HITPOINT WARNING * * *
The large abomination hits you.
* * * LOW HITPOINT WARNING * * *
You cannot move. (Use ctrl+direction or * direction to attack while stationary and confused.)
You cannot move. (Use ctrl+direction or * direction to attack while stationary and confused.) Unknown command.
You attack the crystal wall.
The small abomination hits you but does no damage.
You attack the crystal wall.
The wizard wildly gestures.
The wizard glows brightly for a moment.
The large abomination hits you but does no damage.
You closely miss the small abomination.
The small abomination barely misses you.
You attack the translucent stone wall.
The large abomination hits you.
* * * LOW HITPOINT WARNING * * *
You attack the translucent stone wall.
The small abomination hits you but does no damage.
You attack the translucent stone wall.
The wizard mumbles some strange words.
The wizard's hands start to glow.
The large abomination hits you!
* * * LOW HITPOINT WARNING * * *
The small abomination hits you but does no damage.
You barely miss the large abomination.
The small abomination hits you but does no damage.
The large abomination completely misses you.
You're too confused to cast spells.
You hit the large abomination but do no damage.
You attack the translucent stone wall.
The small abomination hits you but does no damage.
The white imp grins evilly.
The large abomination hits you but does no damage.
You attack the translucent stone wall.
You hit the small abomination but do no damage.
The small abomination hits you but does no damage.
The large abomination barely misses you.
You closely miss the large abomination. The small abomination hits you.
* * * LOW HITPOINT WARNING * * *
You attack the translucent stone wall.
The large abomination hits you!
* * * LOW HITPOINT WARNING * * *
You attack the crystal wall.
You feel less invigorated.
You feel less confused.
The small abomination hits you but does no damage.
You can't see any susceptible monsters within range! (Use Z to cast anyway.) Unknown command.
Hit: w) +6 shillelagh "Devastator" {shatter}
Aim: a large abomination (about 21% to evade the +6 shillelagh "Devastator")
Okay, then.
Aim: a large abomination (84% to hit)
The bolt of acid hits the large abomination!
The large abomination hits you!
* * * LOW HITPOINT WARNING * * *
The small abomination hits you but does no damage.
Aim: a large abomination (moderately damaged, 84% to hit)
The bolt of acid hits the large abomination!
Aim: a large abomination (heavily damaged, 84% to hit)
The bolt of acid hits the large abomination.
The small abomination hits you but does no damage.
The large abomination hits you.
* * * LOW HITPOINT WARNING * * *
Aim: a large abomination (heavily damaged, 84% to hit)
The bolt of acid hits the large abomination!
The small abomination hits you but does no damage.
The large abomination hits you!!
You die...

###########...............≈#
#.p5#.#555#...#########...##
#.5#...#.p#...##.#.#.##...§#
#?##...##p#####|#.#X#.#...##
#..##.#..##...##.#.#.##...§#
#©.#.©....#©8©#©#.#.#.#©8.##
#[.##.#..##...##[#x#.##...≈#
#)##...##.#####X#x#.#.#...##
#..#...#..#...##♣#.#.##..§§#
#...#.#...#...#########...##
###########...............≈#
............8.....8.....8.##
.....8................§§..≈#
..§§........#≈#≈#≈#≈#§#§#≈##
§#§#≈#≈#≈#≈################
############


You could see a large abomination, 2 wizards, 2 small abominations and a white
imp.

Vanquished Creatures
  2 boulder beetles
  6 two-headed ogres
  The ghost of fluxer the Cleaver, a novice HOFi of Beogh (D:6)
  A deep elf pyromancer (D:12)
  A cyclops (D:11)
  3 manticores (D:11)
  A large abomination (Gauntlet)
  2 gargoyles (D:10)
  2 komodo dragons (D:11)
  2 kobold demonologists
  3 trolls (D:11)
  6 slime creatures (D:12)
  A shadow (D:9)
  4 wraiths
  12 yaks
  Eustachio (D:5)
  A wyvern (D:9)
  4 small abominations (Gauntlet)
  2 steam dragons
  A basilisk (D:11)
  4 vampire mosquitoes
  2 acid dragons
  2 floating eyes (D:11)
  3 ice beasts
  A black bear (D:6)
  4 orc warriors
  6 ogres
  A centaur (D:10)
  A phantom (D:5)
  6 kobold brigands
  Blork the orc (D:4)
  4 bullfrogs
  A gnoll sergeant (D:8)
  3 scorpions
  3 wights (D:7)
  12 killer bees
  3 howler monkeys
  7 hounds
  3 jellies
  A gnoll bouda (D:9)
  10 orc priests
  4 iguanas
  10 orc wizards
  2 sleepcaps
  15 gnolls
  7 adders
  A white imp (D:8)
  An ufetubus (D:5)
  3 worms (D:2)
  4 dart slugs
  40 orcs
  8 ball pythons
  2 bats (D:1)
  7 endoplasms
  5 goblins
  7 hobgoblins
  34 kobolds
  3 quokkas
  4 frilled lizards
  5 rats
296 creatures vanquished.

Vanquished Creatures (others)
  An orc wizard (D:8)
  86 fulminant prisms
  A fungus (D:8)
  2 plants
90 creatures vanquished.

Grand Total: 386 creatures vanquished

Notes
Turn   | Place    | Note
-------+----------+-------------------------------------------
     0 | D:1      | CryoSword the Draconian Conjurer began the quest for the
                  | Orb.
     0 | D:1      | Reached XP level 1. HP: 14/14 MP: 3/3
   202 | D:1      | Reached skill level 1 in Long Blades
   273 | D:1      | Reached XP level 2. HP: 20/20 MP: 3/5
   627 | D:1      | Learned a level 2 spell: Searing Ray
   841 | D:1      | Found a faded altar of an unknown god.
   963 | D:1      | Reached XP level 3. HP: 23/26 MP: 0/6
  1745 | D:2      | Reached XP level 4. HP: 33/33 MP: 3/7
  2081 | D:2      | Found a white marble altar of Elyvilon.
  2484 | D:3      | Found Otiw's Jewellery Emporium.
  2496 | D:3      | Found Teggin's Magic Scroll Shop.
  2596 | D:3      | Reached XP level 5. HP: 38/38 MP: 2/8
  2759 | D:3      | Bought a scroll of noise for 11 gold pieces
  2851 | D:3      | Found Qebi's Assorted Antiques.
  2855 | D:3      | Bought a silvery potion for 19 gold pieces
  3053 | D:3      | Reached skill level 5 in Conjurations
  3458 | D:4      | Noticed an ogre
  3466 | D:4      | Killed an ogre
  3467 | D:4      | Reached skill level 5 in Long Blades
  3467 | D:4      | Reached XP level 6. HP: 22/45 MP: 3/9
  3966 | D:4      | Noticed Blork the orc
  3991 | D:4      | Killed Blork the orc
  3992 | D:4      | Your scales start taking on a rich purple colour.
  3992 | D:4      | Reached XP level 7. HP: 33/50 MP: 1/10
  4444 | D:5      | Entered Level 5 of the Dungeon
  4462 | D:5      | Found Gaecodiq's Distillery.
  4470 | D:5      | Reached skill level 1 in Hexes
  4573 | D:5      | Bought a potion of degeneration for 14 gold pieces
  4782 | D:5      | Noticed a yak
  4783 | D:5      | Noticed a yak
  4783 | D:5      | Noticed a yak
  4783 | D:5      | Noticed a yak
  4783 | D:5      | Noticed a yak
  4836 | D:4      | Killed a yak
  4837 | D:4      | Reached XP level 8. HP: 47/57 MP: 4/13
  5475 | D:5      | Reached skill level 5 in Spellcasting
  5613 | D:5      | Noticed Eustachio
  5628 | D:5      | Killed Eustachio
  5919 | D:5      | Reached skill level 5 in Hexes
  6225 | D:6      | Found a runed translucent gate.
  6225 | D:6      | Found a runed translucent gate.
  6225 | D:6      | Found a runed translucent gate.
  6234 | D:6      | Noticed fluxer's ghost (novice HOFi)
  6317 | D:6      | Reached XP level 9. HP: 46/62 MP: 8/17
  7013 | D:5      | Noticed a rust devil
  7013 | D:5      | Noticed a rust devil
  7057 | D:6      | Learned a level 3 spell: Dazzling Flash
  7062 | D:6      | Learned a level 4 spell: Fulminant Prism
  7067 | D:6      | Learned a level 4 spell: Iskenderun's Mystic Blast
  7882 | D:7      | Found a staircase to the Ecumenical Temple.
  7896 | Temple   | Entered the Ecumenical Temple
  7996 | Temple   | Became a worshipper of Sif Muna the Loreminder
  8434 | D:7      | Reached skill level 1 in Fighting
  8434 | D:7      | Reached skill level 1 in Translocations
  8633 | D:7      | Found a huge runed translucent gate.
  8633 | D:7      | Noticed a death yak
  8634 | D:7      | Found a huge runed translucent gate.
  8752 | D:7      | Found a huge runed translucent gate.
  8753 | D:7      | Found a huge runed translucent gate.
  8753 | D:7      | Noticed a polar bear
  8754 | D:7      | Noticed a polar bear
  8848 | D:7      | Noticed a polar bear
  8848 | D:7      | Noticed a manticore
  9585 | D:8      | Found a staircase to the Lair.
  9821 | D:8      | Found a snail-covered altar of Cheibriados.
  9901 | D:8      | Reached * piety under Sif Muna
 10009 | D:8      | Reached XP level 10. HP: 68/73 MP: 11/20
 10285 | D:8      | Reached skill level 1 in Invocations
 10439 | D:8      | Reached skill level 1 in Evocations
 11455 | D:9      | Noticed a two-headed ogre
 11567 | D:9      | Found Dimmuo Uleu's Book Shop.
 11576 | D:9      | Killed a two-headed ogre
 11722 | D:9      | Reached ** piety under Sif Muna
 12678 | D:3      | Bought an amulet of magic regeneration for 420 gold pieces
 12777 | D:6      | Killed fluxer's ghost
 12778 | D:6      | Reached XP level 11. HP: 82/82 MP: 15/21
 12921 | D:10     | Entered Level 10 of the Dungeon
 13227 | D:5      | Bought a potion of curing for 42 gold pieces
 13471 | D:10     | Found the +6 shillelagh "Devastator" {shatter}
 13472 | D:10     | Noticed a two-headed ogre
 13494 | D:10     | Reached skill level 5 in Stealth
 13659 | D:10     | Killed a two-headed ogre
 13895 | D:10     | Noticed a boulder beetle
 14140 | D:10     | Killed a boulder beetle
 14141 | D:10     | Reached skill level 2 in Maces & Flails
 14527 | D:10     | Reached skill level 3 in Maces & Flails
 14793 | D:10     | Reached skill level 4 in Maces & Flails
 15008 | D:11     | Noticed a boulder beetle
 15205 | D:11     | Noticed a two-headed ogre
 15228 | D:11     | Killed a two-headed ogre
 15229 | D:11     | Reached skill level 5 in Maces & Flails
 15542 | D:11     | Killed a boulder beetle
 15543 | D:11     | Reached skill level 6 in Maces & Flails
 15874 | D:11     | Noticed a two-headed ogre
 15887 | D:11     | Killed a two-headed ogre
 15888 | D:11     | Reached skill level 7 in Maces & Flails
 16120 | D:11     | Reached skill level 8 in Maces & Flails
 16374 | D:11     | Noticed a two-headed ogre
 16387 | D:11     | Killed a two-headed ogre
 16388 | D:11     | Reached skill level 9 in Maces & Flails
 16473 | D:11     | Reached XP level 12. HP: 72/89 MP: 14/22
 16473 | D:11     | Reached *** piety under Sif Muna
 16635 | D:11     | Noticed a two-headed ogre
 16640 | D:11     | Killed a two-headed ogre
 16802 | D:12     | Noticed a centaur warrior
 16851 | D:12     | Noticed a boulder beetle
 16865 | D:12     | Reached skill level 10 in Maces & Flails
 16999 | D:12     | Found a shadowy altar of Dithmenos.
 17003 | D:12     | Found a gate leading to a gauntlet.
 17032 | Gauntlet | Entered a Gauntlet
 17032 | Gauntlet | Found a transporter.
 17054 | Gauntlet | Found a transporter.
 17067 | Gauntlet | Found a transporter.
 17070 | Gauntlet | Found a transporter.
 17085 | Gauntlet | Found a transporter.
 17099 | Gauntlet | Found a runed translucent gate.
 17100 | Gauntlet | Found a transporter.
 17100 | Gauntlet | Found a runed translucent gate.
 17101 | Gauntlet | Found a runed translucent gate.
 17111 | Gauntlet | Noticed a death yak
 17112 | Gauntlet | Noticed a death yak
 17112 | Gauntlet | Noticed a death yak
 17113 | Gauntlet | Found a transporter.
 17113 | Gauntlet | Noticed a death yak
 17113 | Gauntlet | Noticed a death yak
 17130 | Gauntlet | Found a transporter.
 17135 | Gauntlet | Found a transporter.
 17136 | Gauntlet | Noticed a four-headed hydra
 17142 | Gauntlet | Found a transporter.
 17177 | Gauntlet | Found a transporter.
 17177 | Gauntlet | Found a transporter.
 17262 | Gauntlet | Reached skill level 5 in Fighting
 17282 | Gauntlet | Slain by a large abomination

Illustrated notes

Levels and vault maps discovered:
D:1:      kennysheep_arrival_seaside, layout_basic,
          hellmonk_ecumenical_altar_crossroads, minmay_misc_feat_tower,
          chequers_serial_rivers_micro_a
D:2:      layout_rooms, basic_altar, st_stairs_8
D:3:      layout_loops_cross, serial_shops, shop, shop,
          nicolae_shop_getting_attention, amcnicky_mini_pool_small
D:4:      layout_basic, dk_vineyard_3, uniq_blork_the_orc
D:5:      cheibrodos_iron_armory, layout_basic, serial_shops, shop,
          uniq_eustachio
D:6:      layout_cave_pods, biasface_ghost_orc_armoury, minmay_statues_item,
          minmay_manual_moon
D:7:      lemuel_bear_cage, layout_layer_cave, minmay_temple_entry_wispy,
          kennysheep_generic_room_14
D:8:      kennysheep_ambush_hall, layout_gridville, lemuel_round_altar,
          dpeg_oklobed_lair
D:9:      layout_grid_maze, serial_shops, shop
D:10:     layout_basic, dilly_guarded_unrand_devastator
D:11:     layout_grid_maze, onia_ninara_cookie
D:12:     layout_roguey, orc_0_dummy, gauntlet_entry_generic,
          grunt_dithmenos_smoke
Temple:   minmay_crystal_snake_temple
Gauntlet: minmay_gauntlet_mixed_oops_all_seconds
          [minmay_gauntlet_arena_77_checkered, nicolae_gauntlet_arena_blocks,
          minmay_gauntlet_arena_77_two_paths, gammafunk_gauntlet_arena_chambers,
          minmay_gauntlet_arena_77_run_for_it, nicolae_gauntlet_arena_grate_2,
          dreamdust_gauntlet_exit_labyrinth]

Skill      XL: |  1  2  3  4  5  6  7  8  9 10 11 12 |
---------------+-------------------------------------+-----
Long Blades    | 1 2 3 5 6 7 8 9 |  9.8
Conjurations   | 5 6 7 8 |  8.1
Hexes          | 2 5 6 |  6.1
Spellcasting   | 3 5 6 |  6.6
Dodging        | 2 4 |  4.8
Stealth        | 3 4 5 |  5.2
Fighting       | 1 3 5 |  5.0
Translocations | 1 3 |  3.2
Invocations    | 2 3 4 |  4.6
Evocations     | 2 3 |  3.0
Maces & Flails | 9 10 | 10.5

Action                     |  1- 3 |  4- 6 |  7- 9 | 10-12 || total
---------------------------+-------+-------+-------+-------++-------
  Melee: Short sword       |    71 |    29 |       |       ||   100
         Unarmed           |     6 |       |       |       ||     6
         Tailslap          |    16 |     6 |    16 |    52 ||    90
         Dagger            |       |    12 |    24 |       ||    36
         Rapier            |       |       |    74 |   163 ||   237
         Punch             |       |       |     1 |     2 ||     3
         Shillelagh        |       |       |       |   145 ||   145
  Throw: Dart              |       |       |       |     6 ||     6
   Cast: Magic Dart        |    18 |     2 |       |       ||    20
         Searing Ray       |    21 |    36 |    72 |    31 ||   160
         Fulminant Prism   |       |       |     7 |    79 ||    86
         Dazzling Flash    |       |       |     7 |    25 ||    32
         Iskenderun's Myst |       |       |       |     7 ||     7
Ability: Breathe Dispellin |       |       |       |     7 ||     7
  Evoke: Wand              |       |       |       |     4 ||     4
    Use: Scroll            |       |     4 |     7 |     5 ||    16
         Potion            |       |     1 |       |    10 ||    11
   Stab: Sleeping          |     1 |       |       |     2 ||     3
         Invisible         |       |       |     4 |    12 ||    16
 Armour: Skin              |    16 |    21 |    49 |   133 ||   219
  Dodge: Dodged            |    57 |    37 |   178 |   320 ||   592

Table legend: (Time is in decaauts)
 A = Elapsed time spent in this place.
 B = Non-inter-level travel time spent in this place.
 C = Inter-level travel time spent in this place.
 D = Time resting spent in this place.
 E = Time spent auto-exploring this place.
 F = Levels seen in this place.
 G = Mean time per level.
                   A        B        C        D        E       F      G
               +--------+--------+--------+--------+--------+-----+--------+
         Total |  17185 |  16154 |   1031 |   1366 |  11938 |  14 | 1227.5 |
       Dungeon |  16837 |  15818 |   1019 |   1366 |  11676 |  12 | 1403.1 |
        Temple |    113 |    101 |     12 |      0 |     85 |   1 |  113.0 |
      Gauntlet |    234 |    234 |      0 |      0 |    177 |   1 |  234.0 |
               +--------+--------+--------+--------+--------+-----+--------+

Top non-repeatable levels by time:
    D:10: 1986 daAuts
     D:5: 1762 daAuts
    D:11: 1744 daAuts
     D:6: 1733 daAuts
     D:9: 1714 daAuts
     D:7: 1624 daAuts
     D:8: 1524 daAuts
     D:1: 1289 daAuts
     D:3: 1171 daAuts
     D:4: 1082 daAuts
     D:2: 1024 daAuts
Gauntlet: 234 daAuts
    D:12: 180 daAuts
  Temple: 113 daAuts
